Map: Ascension to Aiur LE

Players

Zest - Winner!

  • Race: Protoss Protoss
  • League: Master
  • Spawn Location: 11:00

NightEnD

  • Race: Protoss Protoss
  • League: Master
  • Spawn Location: 5:00

Event: HomeStory Cup XVI

VOD

Have the link to the VOD?

Description

Time

  • Played on: Nov. 10, 2017, 12:56 p.m.
  • Length: 8:20

All games in this series

Show
View Real Time Build Order
Export as new Build Order

Zest Protoss - Winner!

Build Orders: Oracle Opening, Zealot Archon 

Get SALT Encoding   

  12  0:02  Probe (Chrono Boost)  
  14  0:14  Probe (Chrono Boost)  
  14  0:17  Pylon  
  14  0:25  Probe (Chrono Boost)  
  15  0:31  Probe (Chrono Boost)  
  15  0:38  Gateway  
  15  0:40  Probe (Chrono Boost)  
  17  0:46  Assimilator  
  17  0:52  Probe (Chrono Boost)  
  17  0:54  Assimilator  
  18  0:59  Probe (Chrono Boost)  
  19  1:07  Probe (Chrono Boost)  
  20  1:12  Gateway  
  21  1:19  Probe (Chrono Boost)  
  21  1:27  Cybernetics Core  
  21  1:31  Probe (Chrono Boost)  
  22  1:33  Pylon  
  22  1:43  Probe (Chrono Boost)  
  23  1:53  Warp Gate  
  24  1:55  Probe (Chrono Boost)  
  24  2:03  Stalker  
  24  2:07  Pylon  
  27  2:31  Probe (Chrono Boost), Stargate  
  27  2:38  Nexus  
  27  2:43  Probe (Chrono Boost)  
  28  2:55  Probe (Chrono Boost)  
  28  2:57  Robotics Facility  
  30  3:07  Oracle, Probe (Chrono Boost)  
  30  3:19  Probe (Chrono Boost)  
  34  3:31  Probe (Chrono Boost)  
  34  3:32  Oracle  
  35  3:43  Probe (Chrono Boost)  
  39  3:50  Observer  
  39  3:52  Probe (Chrono Boost)  
  42  3:55  Probe (Chrono Boost)  
  42  4:04  Probe (Chrono Boost)  
  42  4:06  Pylon  
  42  4:08  Probe (Chrono Boost)  
  44  4:12  Immortal  
  44  4:16  Probe (Chrono Boost)  
  49  4:20  Forge, Probe (Chrono Boost)  
  50  4:24  Sentry  
  50  4:27  Probe (Chrono Boost), Pylon  
  50  4:29  Assimilator  
  54  4:32  Probe (Chrono Boost)  
  54  4:33  Probe (Chrono Boost)  
  54  4:35  Assimilator  
  55  4:43  Probe (Chrono Boost)  
  55  4:44  Probe (Chrono Boost)  
  57  4:46  Protoss Ground Weapons Level 1  
  57  4:48  Immortal  
  61  4:55  Probe (Chrono Boost)  
  61  4:56  Probe (Chrono Boost)  
  65  5:07  Probe (Chrono Boost)  
  65  5:08  Probe (Chrono Boost)  
  65  5:10  Twilight Council  
  65  5:11  Pylon  
  65  5:15  Pylon  
  65  5:20  Immortal  
  65  5:26  Charge  
  69  5:29  Gateway  
  69  5:31  Gateway  
  69  5:47  Gateway  
  69  5:49  Templar Archives  
  69  5:53  Gateway  
  69  6:00  Gateway x2  
  69  6:01  Warp Prism  
  71  6:16  Shield Battery  
  71  6:18  Pylon  
  71  6:29  High Templar x2  
  71  6:30  Zealot x2  
  71  6:31  Nexus  
  79  6:33  Pylon  
  79  6:35  Archon  
  79  6:46  Probe x2 (Chrono Boost)  
  81  6:56  High Templar x2, Zealot, Pylon  
  81  6:57  Zealot x3  
  81  7:01  Zealot, Archon  
  95  7:09  Zealot  
  97  7:18  Pylon  
  97  7:20  Shield Battery  
  95  7:35  High Templar x2, Zealot x3  
  95  7:36  Zealot x3  
  111  7:40  Archon  
  110  8:00  Zealot x6  
Show
View Real Time Build Order
Export as new Build Order

NightEnD Protoss 

Build Orders:  

Get SALT Encoding   

  12  0:02  Probe (Chrono Boost)  
  14  0:14  Probe (Chrono Boost)  
  14  0:19  Pylon  
  14  0:26  Probe (Chrono Boost)  
  15  0:36  Probe (Chrono Boost)  
  15  0:39  Gateway  
  15  0:42  Probe (Chrono Boost)  
  16  0:44  Assimilator  
  17  0:52  Assimilator  
  18  0:57  Probe (Chrono Boost)  
  18  1:09  Probe (Chrono Boost)  
  18  1:10  Gateway  
  19  1:21  Probe (Chrono Boost)  
  20  1:26  Cybernetics Core  
  21  1:33  Probe (Chrono Boost)  
  21  1:36  Pylon  
  21  1:45  Probe (Chrono Boost)  
  21  1:46  Warp Gate  
  22  1:56  Sentry  
  22  1:57  Probe (Chrono Boost)  
  25  2:10  Sentry  
  27  2:25  Pylon  
  27  2:32  Stalker  
  27  2:36  Stalker  
  31  2:46  Nexus  
  31  2:55  Shield Battery  
  32  3:06  Probe (Chrono Boost)  
  32  3:10  Robotics Facility  
  32  3:18  Probe (Chrono Boost)  
  33  3:30  Probe (Chrono Boost)  
  35  3:42  Probe (Chrono Boost)  
  35  3:50  Stalker x2  
  39  3:56  Probe (Chrono Boost)  
  39  4:00  Probe (Chrono Boost)  
  41  4:03  Probe (Chrono Boost)  
  41  4:04  Observer  
  43  4:11  Twilight Council  
  43  4:12  Probe x2 (Chrono Boost)  
  43  4:17  Forge  
  43  4:18  Probe (Chrono Boost)  
  43  4:21  Stalker  
  47  4:24  Probe (Chrono Boost)  
  47  4:30  Probe (Chrono Boost)  
  48  4:36  Probe (Chrono Boost)  
  48  4:37  Stalker  
  51  4:40  Protoss Ground Weapons Level 1  
  51  4:42  Probe (Chrono Boost)  
  52  4:46  Pylon  
  52  4:48  Probe (Chrono Boost)  
  52  4:51  Blink  
  53  4:54  Probe (Chrono Boost)  
  54  5:00  Probe (Chrono Boost)  
  54  5:04  Probe (Chrono Boost)  
  55  5:10  Probe (Chrono Boost), Pylon  
  55  5:12  Probe (Chrono Boost)  
  56  5:15  Stalker  
  56  5:20  Probe (Chrono Boost)  
  60  5:24  Assimilator, Probe (Chrono Boost)  
  61  5:29  Assimilator, Pylon  
  61  5:30  Observer  
  61  5:32  Probe (Chrono Boost)  
  64  5:36  Observer  
  64  5:37  Probe (Chrono Boost)  
  64  5:43  Gateway x2  
  64  5:44  Probe (Chrono Boost)  
  66  5:51  Probe (Chrono Boost)  
  66  5:57  Probe (Chrono Boost)  
  67  5:58  Observer  
  68  6:04  Gateway  
  68  6:05  Gateway  
  68  6:06  Pylon  
  68  6:07  Probe (Chrono Boost)  
  68  6:10  Stalker x2  
  74  6:11  Probe (Chrono Boost)  
  74  6:19  Photon Cannon  
  74  6:27  Photon Cannon  
  74  6:34  Dark Shrine  
  74  6:38  Pylon  
  74  6:45  Nexus  
  74  6:57  Observer  
  74  6:58  Stalker x2  
  74  6:59  Stalker x2  
  82  7:04  Pylon  
  82  7:27  Pylon  
  82  7:30  Pylon  
  82  7:35  Stalker x4  
  82  7:36  Stalker x2  
  94  7:39  Pylon  
  77  7:59  Dark Templar x5  
Tags
 
Add a new tag
Caveats
  • Supply blocks, unpowered buildings, or Contaminate may cause inaccurate times.
  • Supply counts are checked every 10 seconds.